General information
- name: BNet
- type: Ladder team game (AT/RT)
- host: Battle.net
- saver: Banshees
map: Deadlands
- players: 8
- length: 68:24
- speed: Fast
- version: 1.26 W3XP
- replay type: Public
» download(334 KB)
Players
team 1 (loser)
gabriel26 (
yellow | 48 APM | 609 actions | 12:35)
2 Mountain King
1 Storm Bolt
1 Bash
» actions
| Assign group hotkey | 2 | |
| Basic commands | 13 | |
| Build / train | 37 | |
| ESC pressed | 5 | |
| Enter build submenu | 17 | |
| Enter hero's abilities submenu | 2 | |
| Right click | 259 | |
| Select / deselect | 243 | |
| Select group hotkey | 1 | |
| Use ability | 30 | |
609 total
» units
| Peasant | 10 | |
| Footman | 11 | |
| Flying Machine | 2 | |
| Knight | 1 | |
24 total
» upgrades
| Swords | 2 | |
| Flak Cannons | 1 | |
| Animal War Training | 1 | |
| Plating | 1 | |
5 total
» buildings
| Altar of Kings | 1 | |
| Barracks | 2 | |
| Farm | 6 | |
| Scout Tower | 3 | |
| Keep | 1 | |
| Arcane Tower | 2 | |
| Arcane Vault | 1 | |
| Lumber Mill | 1 | |
| Castle | 1 | |
| Blacksmith | 1 | |
| Workshop | 1 | |
20 total
» build order
00:38 Altar of Kings
01:07 Barracks
01:11 Farm
01:46 Barracks
01:55 Farm
02:36 Farm
03:04 Farm
03:06 Farm
03:53 Scout Tower
04:09 Scout Tower
04:13 Keep
06:08 Arcane Tower
06:19 Arcane Vault
06:25 Lumber Mill
06:57 Castle
07:02 Blacksmith
08:14 Workshop
09:00 Scout Tower
09:32 Farm
09:39 Arcane Tower
» items
Banshees (
green | 82 APM | 5619 actions | 68:24)
8 Death Knight
3 Death Coil
3 Unholy Aura
1 Animate Dead
1 Death Pact
9 Blademaster
3 Wind Walk
2 Critical Strike
1 Bladestorm
3 Mirror Image
» actions
| Assign group hotkey | 64 | |
| Basic commands | 300 | |
| Build / train | 256 | |
| ESC pressed | 14 | |
| Enter build submenu | 92 | |
| Enter hero's abilities submenu | 17 | |
| Give item / drop item | 15 | |
| Right click | 2280 | |
| Select / deselect | 856 | |
| Select group hotkey | 1380 | |
| Use ability | 345 | |
5619 total
» units
| Acolyte | 18 | |
| Ghoul | 5 | |
| Crypt Fiend | 5 | |
| Banshee | 5 | |
| Gargoyle | 4 | |
| Peon | 6 | |
| Goblin Shredder | 1 | |
| Troll Batrider | 3 | |
| Raider | 8 | |
| Wind Rider | 1 | |
| Abomination | 1 | |
| Obsidian Statue | 1 | |
| Frost Wyrm | 1 | |
59 total
» upgrades
| Creature Attack | 4 | |
| Creature Carapace | 3 | |
| Burrow | 1 | |
| Necromancer Training | 2 | |
| Banshee Training | 3 | |
| Web | 1 | |
| Ghoul Frenzy | 1 | |
| Stone Form | 1 | |
| Spiked Barricades | 3 | |
| Skeletal Mastery | 1 | |
| Skeletal Longevity | 1 | |
| Unholy Armor | 3 | |
| Unholy Strength | 4 | |
| Cannibalize | 1 | |
| Reinforced Defenses | 1 | |
| Armor | 4 | |
| Ranged Weapons | 3 | |
| Envenomed Spears | 1 | |
| Liquid Fire | 1 | |
| Pillage | 1 | |
| War Drums Damage Increase | 1 | |
| Ensnare | 1 | |
| Melee Weapons | 3 | |
| Backpack | 2 | |
| Freezing Breath | 1 | |
| Exhume Corpses | 1 | |
| Disease Cloud | 1 | |
| Destroyer Form | 1 | |
| Priest Training | 1 | |
| Magic Sentry | 1 | |
| Gunpowder | 1 | |
| Defend | 1 | |
| Sorceress Training | 1 | |
56 total
» buildings
| Altar of Darkness | 3 | |
| Crypt | 3 | |
| Ziggurat | 26 | |
| Graveyard | 1 | |
| Tomb of Relics | 2 | |
| Nerubian Tower | 10 | |
| Halls of the Dead | 3 | |
| Necropolis | 4 | |
| Temple of the Damned | 2 | |
| Sacrificial Pit | 1 | |
| Spirit Tower | 42 | |
| Black Citadel | 3 | |
| Great Hall | 3 | |
| Altar of Storms | 1 | |
| War Mill | 1 | |
| Stronghold | 1 | |
| Watch Tower | 18 | |
| Fortress | 4 | |
| Beastiary | 6 | |
| Voodoo Lounge | 2 | |
| Boneyard | 1 | |
| Arcane Sanctum | 2 | |
| Slaughterhouse | 3 | |
142 total
» build order
00:06 Altar of Darkness
00:09 Crypt
00:10 Altar of Darkness
00:36 Altar of Darkness
00:42 Ziggurat
00:47 Graveyard
01:05 Ziggurat
01:27 Tomb of Relics
02:00 Ziggurat
02:42 Nerubian Tower
02:42 Nerubian Tower
02:42 Nerubian Tower
03:08 Ziggurat
03:42 Halls of the Dead
03:42 Halls of the Dead
05:20 Necropolis
06:52 Temple of the Damned
06:55 Temple of the Damned
07:07 Ziggurat
07:09 Ziggurat
07:24 Sacrificial Pit
07:56 Ziggurat
07:59 Ziggurat
08:34 Nerubian Tower
08:34 Spirit Tower
08:34 Spirit Tower
09:09 Black Citadel
09:09 Black Citadel
09:28 Spirit Tower
09:28 Spirit Tower
09:29 Spirit Tower
09:29 Spirit Tower
11:41 Crypt
11:42 Crypt
13:32 Ziggurat
13:34 Ziggurat
13:35 Ziggurat
13:37 Spirit Tower
13:38 Spirit Tower
14:34 Spirit Tower
14:34 Spirit Tower
14:37 Spirit Tower
14:37 Spirit Tower
19:10 Necropolis
21:02 Ziggurat
21:04 Ziggurat
21:05 Ziggurat
21:08 Ziggurat
21:09 Ziggurat
21:10 Ziggurat
21:11 Ziggurat
21:36 Necropolis
21:40 Tomb of Relics
22:02 Spirit Tower
22:03 Spirit Tower
22:04 Spirit Tower
22:07 Nerubian Tower
22:07 Nerubian Tower
22:08 Spirit Tower
22:08 Spirit Tower
22:09 Spirit Tower
22:12 Spirit Tower
23:25 Great Hall
23:51 Ziggurat
23:52 Ziggurat
23:54 Ziggurat
23:55 Ziggurat
24:48 Nerubian Tower
24:48 Nerubian Tower
24:48 Spirit Tower
24:49 Spirit Tower
24:49 Spirit Tower
24:49 Spirit Tower
24:49 Spirit Tower
24:50 Spirit Tower
24:51 Spirit Tower
24:51 Spirit Tower
26:04 Altar of Storms
26:19 War Mill
26:22 Stronghold
27:16 Spirit Tower
27:16 Spirit Tower
27:29 Ziggurat
27:31 Ziggurat
27:34 Ziggurat
27:36 Ziggurat
28:11 Watch Tower
28:13 Watch Tower
28:18 Watch Tower
28:22 Watch Tower
28:48 Fortress
28:48 Fortress
28:48 Fortress
28:55 Necropolis
29:38 Watch Tower
31:14 Watch Tower
32:49 Great Hall
34:41 Watch Tower
35:22 Beastiary
35:24 Beastiary
35:55 Watch Tower
36:20 Voodoo Lounge
36:41 Beastiary
36:42 Beastiary
36:45 Beastiary
37:19 Watch Tower
37:29 Watch Tower
37:32 Watch Tower
37:39 Beastiary
38:00 Watch Tower
41:55 Great Hall
41:58 Watch Tower
41:59 Watch Tower
42:00 Watch Tower
42:39 Watch Tower
42:42 Voodoo Lounge
43:08 Watch Tower
43:10 Watch Tower
50:41 Boneyard
51:42 Arcane Sanctum
51:43 Arcane Sanctum
55:20 Slaughterhouse
55:21 Slaughterhouse
55:23 Slaughterhouse
» items
| Rod of Necromancy | 1 | |
| Dust of Appearance | 1 | |
| Scroll of Town Portal | 7 | |
| Scroll of Healing | 2 | |
| Orb of Corruption | 1 | |
| Boots of Speed | 1 | |
| Periapt of Vitality | 1 | |
| Circlet of Nobility | 1 | |
| Staff of Teleportation | 2 | |
| Potion of Healing | 9 | |
| Lesser Clarity Potion | 4 | |
| Healing Salve | 3 | |
| Orb of Lightning | 1 | |
34 total
xXgunnergeckoXx (
red | 30 APM | 643 actions | 21:20)
5 Archmage
3 Blizzard
2 Brilliance Aura
» actions
| Basic commands | 10 | |
| Build / train | 54 | |
| Enter build submenu | 38 | |
| Enter hero's abilities submenu | 5 | |
| Remove unit from queue | 1 | |
| Right click | 208 | |
| Select / deselect | 274 | |
| Use ability | 53 | |
643 total
» units
| Peasant | 13 | |
| Rifleman | 5 | |
| Gryphon Rider | 4 | |
| Dragonhawk Rider | 4 | |
26 total
» upgrades
| Swords | 3 | |
| Masonry | 1 | |
| Plating | 1 | |
| Lumber Harvesting | 2 | |
| Storm Hammers | 1 | |
8 total
» buildings
| Altar of Kings | 1 | |
| Farm | 12 | |
| Barracks | 2 | |
| Blacksmith | 1 | |
| Scout Tower | 10 | |
| Arcane Tower | 1 | |
| Lumber Mill | 1 | |
| Keep | 1 | |
| Guard Tower | 6 | |
| Gryphon Aviary | 3 | |
| Castle | 1 | |
| Arcane Vault | 2 | |
| Town Hall | 2 | |
43 total
» build order
00:34 Altar of Kings
00:41 Farm
00:46 Barracks
02:11 Farm
02:20 Farm
02:24 Blacksmith
02:38 Scout Tower
03:18 Arcane Tower
03:28 Farm
03:47 Scout Tower
03:51 Scout Tower
04:15 Lumber Mill
04:30 Barracks
05:09 Keep
05:24 Guard Tower
06:31 Farm
06:39 Farm
07:40 Scout Tower
08:07 Guard Tower
08:10 Farm
08:21 Gryphon Aviary
08:26 Gryphon Aviary
08:31 Gryphon Aviary
09:22 Farm
09:28 Castle
10:04 Farm
10:26 Arcane Vault
10:32 Arcane Vault
10:55 Farm
11:54 Town Hall
13:30 Scout Tower
13:31 Scout Tower
13:36 Scout Tower
13:45 Scout Tower
14:03 Guard Tower
14:10 Farm
14:14 Farm
14:19 Guard Tower
14:24 Scout Tower
15:05 Guard Tower
18:53 Town Hall
20:28 Guard Tower
20:33 Scout Tower
» items
| Scroll of Town Portal | 1 | |
| Scroll of Regeneration | 1 | |
| Ivory Tower | 2 | |
4 total

»
lolbuttlicker (
blue | 20 APM | 1398 actions | 68:24)
8 Blademaster
3 Wind Walk
3 Critical Strike
1 Bladestorm
1 Mirror Image
» actions
| Basic commands | 2 | |
| Build / train | 46 | |
| Enter build submenu | 27 | |
| Enter hero's abilities submenu | 8 | |
| Give item / drop item | 2 | |
| Right click | 910 | |
| Select / deselect | 328 | |
| Use ability | 73 | |
1398 total
» units
» upgrades
| Spiked Barricades | 3 | |
| Reinforced Defenses | 2 | |
| Envenomed Spears | 1 | |
| Ranged Weapons | 1 | |
7 total
» buildings
| Altar of Storms | 1 | |
| Orc Burrow | 9 | |
| Stronghold | 1 | |
| Voodoo Lounge | 1 | |
| War Mill | 1 | |
| Watch Tower | 10 | |
| Fortress | 1 | |
| Arcane Tower | 1 | |
| Beastiary | 2 | |
27 total
» build order
00:07 Altar of Storms
00:10 Orc Burrow
02:39 Stronghold
03:38 Voodoo Lounge
04:23 War Mill
05:41 Watch Tower
06:18 Watch Tower
06:33 Fortress
06:38 Watch Tower
06:45 Watch Tower
06:52 Watch Tower
08:16 Watch Tower
08:22 Watch Tower
09:34 Watch Tower
09:38 Watch Tower
17:19 Orc Burrow
17:36 Watch Tower
26:16 Arcane Tower
47:48 Orc Burrow
47:56 Beastiary
48:02 Beastiary
51:00 Orc Burrow
51:03 Orc Burrow
51:06 Orc Burrow
51:16 Orc Burrow
52:56 Orc Burrow
53:00 Orc Burrow
» items
| Healing Salve | 1 | |
| Orb of Lightning | 2 | |
| Orb of Corruption | 2 | |
5 total
team 2 (winner)
mandruva (
pink | 67 APM | 4554 actions | 67:31)
6 Priestess of the Moon
1 Scout
3 Trueshot Aura
1 Searing Arrows
1 Starfall
1 Shadow Hunter
1 Healing Wave
» actions
| Assign group hotkey | 54 | |
| Basic commands | 84 | |
| Build / train | 102 | |
| Enter build submenu | 30 | |
| Enter hero's abilities submenu | 7 | |
| Remove unit from queue | 1 | |
| Right click | 1741 | |
| Select / deselect | 961 | |
| Select group hotkey | 1418 | |
| Use ability | 155 | |
4554 total
» units
| Wisp | 14 | |
| Hippogryph | 8 | |
| Druid of the Talon | 8 | |
| Raider | 26 | |
| Peon | 2 | |
| Frost Wyrm | 16 | |
74 total
» upgrades
| Reinforced Hides | 3 | |
| Strength of the Wild | 3 | |
| Druid of the Talon Training | 2 | |
| Nature's Blessing | 1 | |
| Ensnare | 4 | |
| Mark of the Talon | 1 | |
| Ultravision | 1 | |
| Hippogryph Taming | 1 | |
16 total
» buildings
| Altar of Elders | 1 | |
| Moon Well | 6 | |
| Tree of Ages | 1 | |
| Hunter's Hall | 1 | |
| Ancient of Wind | 3 | |
| Watch Tower | 2 | |
| Orc Burrow | 5 | |
| Fortress | 1 | |
| Tree of Eternity | 1 | |
| Beastiary | 2 | |
| Ancient of Wonders | 1 | |
| Ancient of War | 1 | |
25 total
» build order
00:12 Altar of Elders
00:22 Moon Well
01:39 Moon Well
02:16 Tree of Ages
02:29 Hunter's Hall
02:34 Moon Well
05:03 Ancient of Wind
05:05 Ancient of Wind
05:26 Ancient of Wind
05:46 Moon Well
06:49 Watch Tower
06:52 Watch Tower
07:18 Moon Well
07:36 Orc Burrow
07:45 Fortress
08:16 Tree of Eternity
09:42 Moon Well
10:01 Beastiary
10:12 Beastiary
14:48 Orc Burrow
18:02 Orc Burrow
18:43 Orc Burrow
21:05 Orc Burrow
22:33 Ancient of Wonders
34:46 Ancient of War
lord-toranaga (
teal | 58 APM | 3963 actions | 68:24)
8 Crypt Lord
3 Carrion Beetles
3 Spiked Carapace
1 Locust Swarm
1 Impale
» actions
| Assign group hotkey | 197 | |
| Basic commands | 128 | |
| Build / train | 98 | |
| Enter build submenu | 31 | |
| Enter hero's abilities submenu | 8 | |
| Give item / drop item | 5 | |
| Right click | 1467 | |
| Select / deselect | 611 | |
| Select group hotkey | 1132 | |
| Use ability | 285 | |
3963 total
» units
| Acolyte | 26 | |
| Ghoul | 4 | |
| Crypt Fiend | 2 | |
| Goblin Shredder | 1 | |
| Banshee | 3 | |
| Obsidian Statue | 1 | |
| Gargoyle | 14 | |
| Frost Wyrm | 7 | |
| Goblin Zeppelin | 1 | |
59 total
» upgrades
| Banshee Training | 2 | |
| Creature Attack | 3 | |
| Creature Carapace | 3 | |
| Stone Form | 1 | |
| Freezing Breath | 1 | |
10 total
» buildings
| Graveyard | 1 | |
| Crypt | 5 | |
| Altar of Darkness | 2 | |
| Ziggurat | 22 | |
| Tomb of Relics | 2 | |
| Nerubian Tower | 1 | |
| Spirit Tower | 5 | |
| Halls of the Dead | 3 | |
| Necropolis | 2 | |
| Temple of the Damned | 3 | |
| Slaughterhouse | 1 | |
| Black Citadel | 2 | |
| Sacrificial Pit | 1 | |
| Boneyard | 5 | |
55 total
» build order
00:07 Graveyard
00:09 Crypt
00:43 Altar of Darkness
01:02 Ziggurat
01:31 Tomb of Relics
02:07 Ziggurat
02:46 Nerubian Tower
04:07 Ziggurat
04:39 Ziggurat
04:41 Ziggurat
05:18 Spirit Tower
05:28 Ziggurat
05:49 Spirit Tower
05:56 Spirit Tower
06:19 Halls of the Dead
06:22 Ziggurat
06:23 Ziggurat
06:46 Ziggurat
06:46 Ziggurat
06:47 Ziggurat
07:48 Spirit Tower
07:51 Necropolis
08:16 Ziggurat
08:17 Ziggurat
08:18 Ziggurat
08:18 Ziggurat
08:57 Temple of the Damned
09:53 Temple of the Damned
10:12 Temple of the Damned
10:59 Slaughterhouse
11:24 Black Citadel
11:26 Spirit Tower
13:44 Necropolis
14:04 Sacrificial Pit
15:38 Crypt
15:39 Crypt
15:41 Crypt
15:44 Crypt
15:56 Boneyard
15:57 Boneyard
15:58 Boneyard
16:00 Boneyard
16:01 Boneyard
26:27 Halls of the Dead
41:23 Black Citadel
45:05 Tomb of Relics
58:50 Ziggurat
58:50 Ziggurat
58:51 Ziggurat
58:52 Ziggurat
58:53 Ziggurat
58:53 Ziggurat
58:54 Ziggurat
61:50 Altar of Darkness
» items
| Rod of Necromancy | 2 | |
| Sacrificial Skull | 1 | |
| Orb of Corruption | 1 | |
| Scroll of Town Portal | 2 | |
| Staff of Teleportation | 1 | |
7 total

»
A-Richard-Ross (
purple | 68 APM | 1888 actions | 27:45)
4 Death Knight
2 Death Coil
2 Unholy Aura
2 Lich
1 Frost Nova
1 Frost Armor
1 Shadow Hunter
1 Healing Wave
» actions
| Assign group hotkey | 34 | |
| Basic commands | 13 | |
| Build / train | 124 | |
| Enter build submenu | 32 | |
| Enter hero's abilities submenu | 8 | |
| Give item / drop item | 3 | |
| Remove unit from queue | 7 | |
| Right click | 821 | |
| Select / deselect | 329 | |
| Select group hotkey | 380 | |
| Use ability | 137 | |
1888 total
» units
| Acolyte | 18 | |
| Ghoul | 12 | |
| Crypt Fiend | 10 | |
| Obsidian Statue | 5 | |
| Peon | 12 | |
| Frost Wyrm | 9 | |
| Troll Batrider | 13 | |
79 total
» upgrades
| Web | 1 | |
| Creature Attack | 3 | |
| Creature Carapace | 3 | |
| Destroyer Form | 1 | |
| Burrow | 1 | |
| Freezing Breath | 1 | |
| Liquid Fire | 1 | |
11 total
» buildings
| Graveyard | 2 | |
| Crypt | 1 | |
| Altar of Darkness | 1 | |
| Ziggurat | 11 | |
| Tomb of Relics | 1 | |
| Nerubian Tower | 2 | |
| Spirit Tower | 4 | |
| Halls of the Dead | 1 | |
| Orc Burrow | 6 | |
| Necropolis | 1 | |
| Black Citadel | 1 | |
| Slaughterhouse | 2 | |
| Sacrificial Pit | 1 | |
| Boneyard | 1 | |
| Voodoo Lounge | 1 | |
| Watch Tower | 7 | |
43 total
» build order
00:11 Graveyard
00:18 Crypt
00:49 Altar of Darkness
00:57 Ziggurat
01:28 Tomb of Relics
02:04 Ziggurat
02:17 Nerubian Tower
03:57 Ziggurat
05:16 Spirit Tower
06:26 Ziggurat
06:28 Ziggurat
06:50 Halls of the Dead
07:06 Orc Burrow
07:39 Spirit Tower
07:42 Necropolis
08:25 Ziggurat
08:27 Ziggurat
08:53 Ziggurat
08:55 Ziggurat
09:48 Nerubian Tower
09:49 Spirit Tower
09:53 Spirit Tower
10:25 Black Citadel
11:35 Slaughterhouse
11:36 Slaughterhouse
11:38 Sacrificial Pit
12:58 Boneyard
21:09 Graveyard
21:52 Voodoo Lounge
22:00 Orc Burrow
22:34 Ziggurat
22:35 Ziggurat
24:13 Orc Burrow
24:13 Orc Burrow
24:24 Orc Burrow
24:41 Orc Burrow
24:53 Watch Tower
24:53 Watch Tower
24:55 Watch Tower
24:55 Watch Tower
24:56 Watch Tower
24:57 Watch Tower
24:58 Watch Tower
» items
| Rod of Necromancy | 2 | |
| Sacrificial Skull | 1 | |
| Dust of Appearance | 1 | |
| Potion of Mana | 2 | |
| Potion of Healing | 1 | |
| Scroll of Town Portal | 3 | |
| Orb of Corruption | 2 | |
| Scroll of Healing | 1 | |
13 total

»
RedWolf10 (
orange | 26 APM | 158 actions | 06:00)
1 Shadow Hunter
1 Serpent Ward
» actions
| Build / train | 19 | |
| Enter build submenu | 8 | |
| Enter hero's abilities submenu | 1 | |
| Right click | 54 | |
| Select / deselect | 68 | |
| Use ability | 8 | |
158 total
» units
| Peon | 11 | |
| Grunt | 2 | |
| Troll Headhunter/Berserker | 3 | |
16 total
» buildings
| Altar of Storms | 1 | |
| Orc Burrow | 4 | |
| Barracks | 1 | |
| War Mill | 1 | |
| Stronghold | 1 | |
8 total
» build order
00:41 Altar of Storms
00:48 Orc Burrow
01:03 Barracks
02:02 Orc Burrow
03:11 War Mill
03:30 Orc Burrow
04:08 Orc Burrow
04:38 Stronghold
Chat log
(00:08 / All) gabriel26: rich
(00:13 / All) Banshees: ?
(00:17 / All) gabriel26: dont quit this game i wanna kick ur ass
(00:25 / All) gabriel26: for ruining game
(00:32 / All) Banshees: What did he do?
(00:43 / All) A-Richard-Ross: purple was going to tk me so i left to search new game?
(00:44 / All) gabriel26: if hes not happy he leave
(00:47 / All) A-Richard-Ross: wouldnt u do the same?
(00:54 / All) gabriel26: he teched
(00:56 / All) lord-toranaga: becuase leavers really is the problem with this hacker infested game now right
(00:57 / All) Banshees: No, I would fight
(01:08 / All) Banshees: damn I am rusty
(01:15 / All) A-Richard-Ross: na fuck that i has alrdy tked him the game before
(01:31 / All) gabriel26: oh if its true then u were right
(01:39 / All) gabriel26: i woulda have do the same
(01:52 / All) Banshees: should stay and fight tkers
(01:57 / All) A-Richard-Ross: thanks rich
(02:12 / All) lord-toranaga: why is he calling u rich
(02:15 / Allies) gabriel26: u hero play blue?
(02:16 / All) Banshees: Richard
(02:22 / All) A-Richard-Ross: thanks richard
(02:37 / All) A-Richard-Ross: i may tk
(02:39 / All) A-Richard-Ross: who knows
(02:45 / Allies) gabriel26: lol
(03:23 / Allies) gabriel26: i rush
(04:26 / Allies) gabriel26: blue?
(04:30 / Allies) gabriel26: where peasan
(04:32 / Allies) lolbuttlicker: no tking....
(04:38 / Allies) gabriel26: was d u
(04:43 / Allies) gabriel26: cause u hero play
(04:45 / Allies) gabriel26: but ok fu
(04:53 / Allies) lolbuttlicker: thats some bs
(04:58 / Allies) gabriel26: no
(05:01 / Allies) gabriel26: ur at rush spot
(05:03 / Allies) gabriel26: dumb ass
(05:08 / Allies) gabriel26: ur gonna be conter
(05:52 / All) gabriel26: nice tech oj
(05:56 / All) gabriel26: at a rush spot
(06:02 / All) Banshees: lol
(06:05 / All) A-Richard-Ross: lmao
(06:06 / All) A-Richard-Ross: wow
(06:16 / All) Banshees: blue is solo bm too
(06:27 / All) gabriel26: u ok
(06:31 / All) gabriel26: its 3 on 3 now
(07:24 / All) lord-toranaga: 3v3?
(07:32 / Allies) lolbuttlicker: um...
(07:34 / All) Banshees: blue is solo hero
(07:47 / Allies) lolbuttlicker: not anymore, now i tk yellow
(07:51 / All) Banshees: why
(07:57 / Allies) lolbuttlicker: for killing my hero
(07:58 / All) gabriel26: ok
(08:02 / All) lord-toranaga: just curious richard
(08:02 / All) gabriel26: ill rape him before
(08:16 / All) A-Richard-Ross: were curious over here richard
(08:21 / Allies) gabriel26: all help me on blue
(08:25 / Allies) gabriel26: he will tk
(08:26 / Allies) lolbuttlicker: lmao
(08:29 / Allies) gabriel26: and ill take his mine
(08:38 / Allies) gabriel26: no wasting time
(08:39 / Allies) xXgunnergeckoXx: lumber please?
(08:41 / Allies) gabriel26: we will lose
(08:50 / Allies) gabriel26: all?
(08:57 / Allies) lolbuttlicker: we are going to lose because your being a fag
(09:04 / Allies) Banshees: cloud works against allies, you can kill him with it if he masses towers
(09:18 / Allies) gabriel26: i wont fight him
(09:20 / Allies) gabriel26: if u sit
(09:22 / Allies) gabriel26: we just die
(09:57 / Allies) lolbuttlicker: omw green
(09:57 / Allies) gabriel26: let me ruined this game
(10:02 / All) gabriel26: sorry rich
(10:09 / All) gabriel26: what we do when one tk?
(10:17 / All) A-Richard-Ross: hm ?
(10:21 / All) A-Richard-Ross: whats that richard
(10:34 / All) gabriel26: my turn to ruin a game
(10:38 / All) A-Richard-Ross: y
(10:39 / All) A-Richard-Ross: wtf
(10:41 / All) gabriel26: blue
(10:43 / All) gabriel26: sry
(10:44 / All) A-Richard-Ross: i ws going to own u
(10:47 / All) lord-toranaga: lawl
(10:48 / All) gabriel26: next game
(10:49 / All) gabriel26: just rm
(10:50 / All) lolbuttlicker: lmao
(10:52 / All) A-Richard-Ross: u puss richard
(10:53 / All) A-Richard-Ross: wow
(10:55 / All) A-Richard-Ross: u pussssss
(10:57 / All) gabriel26: lol
(10:59 / All) A-Richard-Ross: richard is a pussy
(11:02 / All) lolbuttlicker: i killed a peon and hes crying
(11:02 / All) gabriel26: u did the same dont be mad!
(11:06 / All) A-Richard-Ross: na
(11:09 / All) A-Richard-Ross: i didnt ruin game
(11:13 / All) A-Richard-Ross: u could of used me and rushed
(11:18 / All) A-Richard-Ross: i was set up for rifles
(11:22 / All) gabriel26: whatever this game is iover
(11:27 / All) A-Richard-Ross: ...
(11:31 / Allies) Banshees: mass hippo dott
(11:55 / All) gabriel26: blue have 9 tower
(11:57 / All) gabriel26: thats it
(11:58 / All) gabriel26: 2 vs 4
(12:15 / All) gabriel26: no need to tp
(12:20 / All) A-Richard-Ross: o
(12:41 / All) lolbuttlicker: lmfao
(12:44 / All) lolbuttlicker: what a faggot
(12:45 / Allies) Banshees: good work, he left
(12:53 / Allies) Banshees: He was not a warrior
(12:58 / Allies) Banshees: He was a cowardly fiend
(14:17 / All) Banshees: lawl
(14:19 / All) lolbuttlicker: gtfo
(14:23 / All) Banshees: got your fiends bro
(14:28 / All) A-Richard-Ross: who says lawl lol
(14:30 / All) lord-toranaga: u stole his fiends green why!!
(14:31 / All) A-Richard-Ross: fucking gay
(14:34 / Allies) xXgunnergeckoXx: lumber please?
(14:41 / All) Banshees: I do
(14:47 / All) Banshees: salvete homosexuales!
(14:51 / All) A-Richard-Ross: ah
(15:00 / All) Banshees: it's a mating call
(16:13 / All) A-Richard-Ross: lawl
(16:20 / All) lolbuttlicker: lol nice
(16:35 / All) lolbuttlicker: gg fags
(16:42 / All) Banshees: I'm barely even microing this
(16:44 / All) A-Richard-Ross: no help really?
(16:45 / All) A-Richard-Ross: lol
(16:47 / All) Banshees: this is my first game after months you suck
(16:54 / All) lolbuttlicker: go hump richard you fucking faggot
(16:58 / All) lord-toranaga: lawl
(16:58 / All) A-Richard-Ross: im high as fuck doing fuck all
(17:33 / All) xXgunnergeckoXx: did not see pink comin lol
(17:44 / Allies) lolbuttlicker: tpp
(17:51 / Allies) lolbuttlicker: lol
(18:03 / All) Banshees: ud is also my worst race how the hell did that nearly kill you
(18:05 / Allies) lolbuttlicker: use food
(18:26 / Allies) Banshees: I'm saving up my food to save Africans when I can, I'm a liberal
(18:40 / Allies) Banshees: Don't want to use too much
(18:44 / Allies) Banshees: Or I will exercise my privilege
(19:14 / Allies) lolbuttlicker: ok, imma go eat then lolz
(19:28 / All) Banshees: Blue is threatening to go AFK if I don't use my food
(19:30 / All) Banshees: and eat
(19:35 / Allies) Banshees: I am using it bro
(19:36 / All) lord-toranaga: oh know
(19:37 / Allies) Banshees: Making acolytes
(20:08 / Allies) Banshees: Bro what you doing I'm making units?
(20:13 / Allies) Banshees: Don't be a coward like yellow
(20:15 / Allies) Banshees: Stay and fight
(20:27 / All) Banshees: this is a 2v4 lol
(20:34 / All) A-Richard-Ross: im going afk
(20:36 / All) A-Richard-Ross: so enjoy
(20:37 / All) A-Richard-Ross: gg
(20:40 / All) Banshees: this is a fucked up game
(20:41 / All) lord-toranaga: lawl
(21:24 / All) Banshees: wtf
(21:27 / All) Banshees: this is a 1v4 now
(21:31 / All) Banshees: how are you faggots not winning
(21:33 / All) Banshees: what is going on
(22:04 / All) lord-toranaga: blue is there
(22:10 / All) Banshees: kind of
(23:27 / All) Banshees: pro
(23:29 / All) Banshees: I got my great hall
(23:32 / All) Banshees: Going blademaster second
(23:34 / All) Banshees: You have been warned
(23:42 / All) lord-toranaga: pro
(24:08 / Allies) lolbuttlicker: lol green your our only hope
(24:14 / Allies) Banshees: I'm teching up orc lol
(24:23 / Allies) Banshees: gonna delay the win
(24:25 / Allies) Banshees: Go get a snack
(25:11 / Allies) lolbuttlicker: your fucked
(25:51 / Allies) Banshees: wtf you doing
(25:53 / All) lord-toranaga: purp isnt afk lol
(25:53 / Allies) lolbuttlicker: why?
(25:56 / Allies) Banshees: I need gold
(25:59 / Allies) lolbuttlicker: theres no point
(26:10 / All) lord-toranaga: and making worms
(26:49 / Allies) lolbuttlicker: lol waste
(27:37 / Allies) lolbuttlicker: lol never seen someone do the 2 races like that
(27:46 / Allies) Banshees: going blademaster
(27:55 / Allies) lolbuttlicker: nice
(27:59 / All) Banshees: You need 2 T2 halls to make a hero from another race
(28:02 / All) Banshees: A t2 hall from each race
(28:04 / All) lord-toranaga: he acted like i wouldnt seee him
(28:04 / All) Banshees: It's kind of stupid
(28:06 / All) lord-toranaga: purple
(28:19 / Allies) lolbuttlicker: ill harass
(29:22 / All) lord-toranaga: blue
(29:24 / All) lord-toranaga: ur hero vs mine
(29:36 / All) lolbuttlicker: nty ill stick to winning
(29:47 / All) lord-toranaga: be a man
(29:57 / All) Banshees: I got my blademaster now
(31:36 / All) Banshees: level 5 bm boom
(31:38 / All) Banshees: as UD too
(32:00 / All) Banshees: you don't see bm/fiends often
(32:02 / Allies) lolbuttlicker: lol higher than me
(32:22 / All) lord-toranaga: i see it every game
(32:34 / All) Banshees: bm fiends? wtf kind of games do you play
(32:38 / All) Banshees: even if you mean beastmaster
(32:40 / All) Banshees: who does that?
(32:47 / All) lord-toranaga: u never stipulated had to be from one player
(32:55 / All) Banshees: I implied an army composition though
(33:13 / All) lord-toranaga: i did not see that implication's stipulation
(33:21 / All) lord-toranaga: blue kill the worms
(33:21 / All) lolbuttlicker: lol ur a fag teal lmao
(34:02 / All) Banshees: oops
(34:03 / All) lord-toranaga: teal the worms arent hurtting u
(34:40 / All) lord-toranaga: be a ,am b;ie
(34:45 / All) lord-toranaga: be a man
(34:54 / Allies) lolbuttlicker: lol your lvl 7....
(35:02 / All) lolbuttlicker: lol your level 7....at least let me catch up
(35:13 / All) Banshees: not my bm
(35:15 / All) lord-toranaga: ive been trying ur stupid ass lead them to the towers!
(36:58 / All) lord-toranaga: 14 armor on cl!
(36:59 / Allies) lolbuttlicker: make a mine here
(37:24 / Allies) Banshees: good idea but he has units
(38:32 / All) lord-toranaga: RAWR
(38:59 / Allies) lolbuttlicker: ?
(39:16 / All) Banshees: i am getting tired of your team's units
(39:17 / All) lord-toranaga: pink could still win actually
(39:27 / All) lord-toranaga: i havent really been watching him al lgame
(39:58 / Allies) lolbuttlicker: holy bats lol
(41:00 / All) Banshees: you are being killed by an undead player
(41:03 / All) Banshees: with a bladermaster and bats
(41:04 / All) Banshees: good work
(42:12 / All) Banshees: Is this interracial marriage?
(42:22 / All) Banshees: It's a union of two different races after all
(43:14 / All) lord-toranaga: got his hero
(43:16 / All) lord-toranaga: go to his base
(43:27 / All) lord-toranaga: go to pinks base
(43:29 / All) lord-toranaga: rod
(43:35 / All) lolbuttlicker: lolz
(43:42 / All) Banshees: a prisoner to my bm
(44:04 / All) Banshees: I am enjoying this
(44:09 / All) lord-toranaga: me too
(44:15 / All) lord-toranaga: pink hasnt said one word
(44:22 / All) Banshees: He is a robot
(44:54 / All) lord-toranaga: ill try to and surround blues bm with gargs too i doubt it'll work
(46:21 / Allies) lolbuttlicker: lol fuck you
(46:24 / Allies) Banshees: lol
(46:28 / All) lord-toranaga: let pink get his potm
(46:41 / Allies) lolbuttlicker: :(
(47:13 / All) lord-toranaga: 5 bucks pink tries to use starfall on my gargs
(47:16 / All) Banshees: this game would take years to end for either side so many buildings
(47:44 / All) Banshees: Is pink a bot?
(48:07 / All) lord-toranaga: i suck so bad at trapping
(48:47 / All) Banshees: This match is so fucked up
(49:31 / All) lord-toranaga: pink rez ur hero at tavern
(50:00 / All) Banshees: Is pink using orange? lol
(50:05 / All) lord-toranaga: yes
(50:08 / All) lord-toranaga: and me
(50:14 / All) lord-toranaga: i wanted him to rez his hero at tav
(50:16 / All) lord-toranaga: he wont do it
(50:25 / All) lord-toranaga: hes doing it the hard way, 2 min rez
(50:32 / All) Banshees: Has he spoken at all?
(50:41 / All) lord-toranaga: not a word
(51:09 / All) Banshees: if you had a human
(51:12 / All) Banshees: I would get invisiblity
(51:14 / All) Banshees: and sorcs
(51:16 / All) Banshees: ALAS
(51:20 / All) lord-toranaga: dont u?
(51:26 / All) lord-toranaga: i could possess a sorc from red then u possess it
(51:31 / All) Banshees: 0 food no hall
(51:38 / All) Banshees: oh we have red I guess
(52:02 / All) Banshees: I think all I saw all game was his gryphons
(52:05 / All) Banshees: I never look at my allies
(52:38 / All) lord-toranaga: got his hero again
(52:41 / All) lord-toranaga: go bott my base
(52:48 / All) lord-toranaga: ignore raiders
(52:57 / All) lord-toranaga: go left
(53:52 / All) Banshees: wtf he got out
(54:01 / All) lord-toranaga: got a garg
(54:35 / All) Banshees: Blue what do you think of this fine match of 4v4 RT?
(54:44 / All) lolbuttlicker: lol its funny
(54:52 / All) lolbuttlicker: how long have we been playing?
(54:58 / All) lord-toranaga: 50 min i say
(54:58 / All) Banshees: Not long enough
(55:02 / All) Banshees: This game should go on forever
(55:54 / All) lord-toranaga: god dammit
(55:56 / All) Banshees: ?
(56:05 / All) lord-toranaga: he knows it too
(56:22 / All) lord-toranaga: i will yes
(56:25 / All) Banshees: kk
(56:48 / All) Banshees: coil surround wind walk strike ensnare
(56:50 / All) Banshees: That's new
(57:51 / All) lord-toranaga: i could have ate pizza today
(57:53 / All) lord-toranaga: so mad
(58:05 / All) lord-toranaga: pink is now spam pinging
(58:08 / All) lord-toranaga: he aint a bot
(58:14 / All) Banshees: Wow that surprises me tbh
(58:17 / All) Banshees: though he was a nextgen bot
(58:27 / All) lord-toranaga: rez ur hero pink
(58:37 / All) lord-toranaga: now he is spamming giving control
(59:47 / All) lord-toranaga: this map is the epitome of hellfire pensisula
(60:17 / All) Banshees: Blue is AFK I think
(60:20 / All) Banshees: or not using his towers
(60:26 / All) lord-toranaga: they never go afk
(60:40 / All) lord-toranaga: let me try to surround pinks potm again
(61:14 / All) mandruva: S
(61:15 / All) mandruva: S
(61:15 / All) mandruva: S
(61:16 / All) mandruva: D
(61:17 / All) mandruva: D
(61:18 / All) Banshees: HE TALKED
(61:18 / All) lord-toranaga: lol
(61:19 / All) mandruva: DD
(61:19 / All) Banshees: WOWWOWOWOWOWOW
(61:20 / All) mandruva: D
(61:20 / All) mandruva: D
(61:21 / All) mandruva: D
(61:21 / All) mandruva: D
(61:22 / All) mandruva: D
(61:22 / All) mandruva: D
(61:23 / All) Banshees: *SLOWCLAP*
(61:23 / All) mandruva: D
(61:24 / All) mandruva: D
(61:24 / All) lord-toranaga: first time
(61:24 / All) mandruva: D
(61:25 / All) mandruva: D
(61:26 / All) mandruva: D
(61:26 / All) mandruva: D
(61:27 / All) mandruva: D
(61:28 / All) mandruva: D
(61:29 / All) mandruva: D
(61:29 / All) mandruva: D
(61:30 / All) mandruva: D
(61:30 / All) mandruva: D
(61:31 / All) mandruva: D
(61:31 / All) mandruva: D
(61:32 / All) mandruva: D
(62:01 / All) lord-toranaga: cl vs bm
(63:04 / All) lord-toranaga: hes still pinging
(63:08 / All) Banshees: What level of spiked shell do you have?
(63:15 / All) lord-toranaga: 3
(63:25 / All) Banshees: I will probably get raped by my own critical strikes
(63:37 / All) lord-toranaga: i didnt even know it did that
(63:45 / All) lord-toranaga: gogo bm vs cl
(63:46 / All) Banshees: coming
(64:48 / All) Banshees: you used a potion
(64:53 / All) lord-toranaga: i didtn lol
(65:03 / All) Banshees: wtf was all that sudden hp from then
(65:07 / All) lord-toranaga: my ultiamte
(65:23 / All) Banshees: shit I forgot to ensnare
(66:02 / All) lord-toranaga: pink is really confused
(67:31 / All) Banshees: Yes, it would take too long to kill all my shit I am lazy
(68:10 / All) Banshees: where'd your zeppelin go nigger
(68:21 / All) Banshees: wtf nothing in it?
(68:22 / All) Banshees: boring